 Dungeon Crawl Stone Soup version 0.28-a0-1613-gdaab1c2f9b (webtiles) character file.

Game seed: 12758578607958649048

134 cyrus the Insei (level 5, -2/44 HPs)
             Began as a Naga Transmuter on Jan 22, 2022.
             Was a Follower of the Shining One.
             Killed by nerve-wracking pain
             ... invoked by an orc priest
              (6 damage)
             ... on level 3 of the Dungeon.
             The game lasted 00:10:35 (2818 turns).

cyrus the Insei (Naga Transmuter)                   Turns: 2818, Time: 00:10:40

Health: -2/44      AC:  4    Str: 12    XL:     5   Next: 17%
Magic:  8/8        EV:  8    Int: 14    God:    the Shining One [*.....]
Gold:   117        SH:  0    Dex: 13    Spells: 7/8 levels left

rFire   . . .      SeeInvis +   g - +1 mace
rCold   . . .      Faith    .   (no shield)
rNeg    . . .      Spirit   .   f - +0 ring mail
rPois   +          Reflect  .   (no helmet)
rElec   .          Harm     .   (no cloak)
rCorr   .          Rampage  .   (no gloves)
Will    .....                   (no barding)
Stlth   +.........              (no amulet)
HPRegen 0.14/turn               (no ring)
MPRegen 0.11/turn               (no ring)

@: glowing, very slow
A: AC +1, large, see invisible, deformed body, poison resistance, slowness 2,
spit poison 1, naga tail 1
a: Spit Poison, Renounce Religion, Divine Shield


You were on level 3 of the Dungeon.
You worshipped the Shining One.
The Shining One was aware of your devotion.
You visited 1 branch of the dungeon, and saw 3 of its levels.

You collected 117 gold pieces.

Inventory:

Hand Weapons
 d - a +0 whip
 e - a +0 short sword
 g - a +1 mace (weapon)
Missiles
 c - 68 stones (quivered)
Armour
 a - a +0 robe
 f - a +0 ring mail (worn)
Scrolls
 h - a scroll of blinking
Potions
 i - a potion of might {unknown}


   Skills:
 + Level 1.6 Fighting
 + Level 0.4 Short Blades
 + Level 2.1 Maces & Flails
 + Level 1.2 Armour
 + Level 2.3 Dodging
 + Level 1.0 Stealth
 + Level 3.4 Unarmed Combat
 + Level 2.1 Spellcasting
 + Level 2.2 Transmutations


You had 7 spell levels left.
You knew the following spells:

 Your Spells              Type           Power      Damage    Failure   Level
a - Beastly Appendage     Tmut           14%        N/A       22%         1

Your spell library contained the following spells:

 Spells                   Type           Power      Damage    Failure   Level
 Wereblood                Tmut           7%         N/A       32%         2
 Spider Form              Tmut/Pois      4%         N/A       71%         3
 Gell's Gravitas          Tloc           1%         N/A       85%         3
 Lesser Beckoning         Tloc           1%         N/A       85%         3
 Teleport Other           Tloc           1%         N/A       85%         3
 Ice Form                 Ice/Tmut       4%         N/A       98%         4


Dungeon Overview and Level Annotations

Branches:
Dungeon (3/15)

Altars:
The Shining One


Innate Abilities, Weirdness & Mutations

Your serpentine skin is tough. (AC +1)
You have supernaturally acute eyesight. (SInv)
Armour fits poorly on your strangely shaped body.
Your system is resistant to poisons. (rPois)
You cover ground very slowly.
You can spit poison.
You have a snake-like lower body.


Message History

The orc wizard hits you with a +0 dagger.
The orc priest barely misses you.
You barely miss the orc wizard. The orc wizard closely misses you.
The orc priest invokes the aid of Beogh against you.
Pain shoots through your body!
* * * LOW HITPOINT WARNING * * *
The orc wizard closely misses you.
You feel much better.
The orc priest hits you with a +0 dagger.
The orc wizard hits you with a +0 dagger.
You barely miss the orc wizard. The orc priest closely misses you.
The orc wizard hits you with a +0 dagger.
You hit the orc wizard.
The orc wizard is moderately wounded.
The orc priest barely misses you.
The orc wizard hits you with a +0 dagger.
You hit the orc wizard.
The orc wizard is severely wounded.
The orc priest hits you with a +0 dagger.
The orc wizard closely misses you.
The orc priest hits you with a +0 dagger.
The orc wizard hits you with a +0 dagger.
You barely miss the orc wizard. You punch the orc wizard.
The orc wizard is almost dead.
The orc priest calls upon Beogh to heal the orc wizard.
The orc wizard is healed somewhat.
The orc wizard barely misses you.
You barely miss the orc wizard.
The orc wizard is heavily wounded.
The orc priest invokes the aid of Beogh against you.
Beogh smites you!
* * * LOW HITPOINT WARNING * * *
The orc wizard hits you but does no damage.
You hit the orc wizard but do no damage.
The orc wizard is heavily wounded.
The orc priest looks braver for a moment.
The orc wizard gestures at you while chanting.
You resist with some effort.
The orc priest calls down the wrath of Beogh upon you.
Pain shoots through your body!
You die...

..?
#..
#.#
...
###.#
#<#o#
#.#o#
#.o@#
#####


You could see an orc priest, an orc wizard (invisible) and an orc.

Vanquished Creatures
  An orc priest (D:2)
  Jessica (D:2)
  3 adders (D:2)
  2 dart slugs
  7 orcs
  6 bats
  4 endoplasms
  A giant cockroach (D:2)
  3 hobgoblins
  3 kobolds
  3 quokkas
  3 ball pythons
  2 frilled lizards
  3 rats
42 creatures vanquished.

Notes
Turn   | Place    | Note
-------+----------+-------------------------------------------
     0 | D:1      | cyrus the Naga Transmuter began the quest for the Orb.
     0 | D:1      | Reached XP level 1. HP: 18/18 MP: 3/3
   452 | D:1      | Reached XP level 2. HP: 17/25 MP: 5/5
  1678 | D:1      | Reached XP level 3. HP: 30/31 MP: 6/6
  2044 | D:2      | Noticed Jessica
  2047 | D:2      | Found a faded altar of an unknown god.
  2050 | D:2      | Killed Jessica
  2051 | D:2      | Reached skill level 1 in Maces & Flails
  2051 | D:2      | Reached XP level 4. HP: 26/38 MP: 7/7
  2201 | D:2      | Prayed at the altar of an unknown god.
  2201 | D:2      | Became a worshipper of the Shining One
  2201 | D:2      | Reached * piety under the Shining One
  2491 | D:2      | Reached skill level 1 in Armour
  2505 | D:2      | Reached skill level 1 in Stealth
  2505 | D:2      | Reached XP level 5. HP: 40/44 MP: 8/8
  2818 | D:3      | Killed from afar by an orc priest

Illustrated notes

Levels and vault maps discovered:
D:1:      dpeg_arrival_boxes_within_box, layout_basic
D:2:      cheibrodos_pilgrimage, layout_loops_ring,
          ebering_ecumenical_altar_hall, uniq_jessica
D:3:      layout_basic, nicolae_qazlal_eye_of_the_storm,
          cheibrodos_sewer_entry_drain

Skill      XL: |  1  2  3  4  5 |
---------------+----------------+-----
Dodging        | 2 |  2.3
Maces & Flails | 1 2 |  2.1
Armour         | 1 |  1.2
Stealth        | 1 |  1.0
Fighting       | |  1.6
Short Blades   | |  0.4
Unarmed Combat | |  3.4
Spellcasting   | |  2.1
Transmutations | |  2.2

Action                   |  1- 3 |  4- 6 || total
-------------------------+-------+-------++-------
Melee: Unarmed           |    16 |       ||    16
       Whip              |    29 |       ||    29
       Punch             |     4 |     4 ||     8
       Short sword       |    29 |       ||    29
       Mace              |    24 |    70 ||    94
Throw: Stone             |     1 |       ||     1
  Use: Scroll            |     3 |     4 ||     7
       Potion            |     1 |     3 ||     4
 Stab: Invisible         |       |     1 ||     1
Armor: Robe              |    16 |       ||    16
       Ring mail         |    12 |    25 ||    37
Dodge: Dodged            |    62 |    32 ||    94

Table legend: (Time is in decaauts)
 A = Elapsed time spent in this place.
 B = Non-inter-level travel time spent in this place.
 C = Inter-level travel time spent in this place.
 D = Time resting spent in this place.
 E = Time spent auto-exploring this place.
 F = Levels seen in this place.
 G = Mean time per level.
                   A        B        C        D        E       F      G
               +--------+--------+--------+--------+--------+-----+--------+
         Total |   3403 |   3398 |      5 |   1054 |   1465 |   3 | 1134.3 |
       Dungeon |   3403 |   3398 |      5 |   1054 |   1465 |   3 | 1134.3 |
               +--------+--------+--------+--------+--------+-----+--------+

Top non-repeatable levels by time:
     D:1: 2126 daAuts
     D:2: 1256 daAuts
     D:3: 20 daAuts
